 Dungeon Crawl Stone Soup version 0.19.0-24-gb05acd6 (webtiles) character file.

192 Patate the Covert (level 5, -5/25 HPs)
             Began as a Spriggan Assassin on Nov 20, 2016.
             Slain by Grinder (8 damage)
             ... while paralysed by Grinder
             ... on level 3 of the Dungeon.
             The game lasted 00:13:04 (3316 turns).

Patate the Covert (Spriggan Assassin)               Turns: 3316, Time: 00:13:04

Health: -5/25      AC:  3    Str:  7    XL:     5   Next: 42%
Magic:  0/6        EV:  4    Int: 12    God:
Gold:   132        SH:  0    Dex: 19    Spells: 0 memorised, 4 levels left

rFire  . . .     SeeInvis +     a - +2 dagger
rCold  . . .     Gourm    .     c - +0 robe
rNeg   . . .     Faith    .     (shield restricted)
rPois  .         Spirit   +     (helmet restricted)
rElec  .         Reflect  .     d - +0 cloak
rCorr  .         Harm     .     (gloves unavailable)
MR     .....                    (boots unavailable)
Stlth  ++++......               n - amulet of guardian spirit
                                (no ring)
                                p - +5 ring of slaying

@: paralysed, drained, very quick
A: unfitting armour, see invisible, herbivore 3, speed 3, slow metabolism 2
a: no special abilities


You were on level 3 of the Dungeon.
You were not hungry.

You visited 1 branch of the dungeon, and saw 3 of its levels.

You collected 132 gold pieces.

Inventory:

Hand Weapons
 a - a +2 dagger (weapon)
 b - a +0 blowgun
Armour
 c - a +0 robe (worn)
 d - a +0 cloak (worn)
Jewellery
 n - an amulet of guardian spirit (around neck)
 p - a +5 ring of slaying (left hand)
Scrolls
 l - a scroll of blinking
 m - a scroll of immolation {unknown}
 o - a scroll of fear {unknown}
Potions
 i - 4 potions of curing {unknown}
 j - a potion of berserk rage {unknown}
Comestibles
 g - 2 bread rations


   Skills:
 - Level 1.5(1.3) Fighting
 + Level 3.2(3.1) Short Blades
 - Level 2.0(1.8) Throwing
 + Level 2.8(2.6) Dodging
 * Level 9.2(9.0) Stealth


You had 4 spell levels left.
You didn't know any spells.

Dungeon Overview and Level Annotations

Branches:
Dungeon (3/15)

Altars:
Okawaru
Yredelemnul

Portals:
Sewer: D:3

Annotations:
D:3 Grinder


Innate Abilities, Weirdness & Mutations

You are very small and have problems with some larger weapons.
You are too small for most types of armour.
You have supernaturally acute eyesight. (SInv)
You are a herbivore.
You cover ground extremely quickly.
You need consume almost no food.


Message History

Okay, then.
Firing (i - inventory): No suitable missiles.
Press: ? - help, Shift-Dir - straight line, f/p - Grinder
Aim: Grinder
Okay, then.
No missiles available.
Use F to throw any item.
No missiles available.
Use F to throw any item.
Unknown command.
a - a +2 dagger (weapon)
Grinder gestures at you.
You suddenly lose the ability to move!
Grinder gestures at you.
You shrug off the repeated paralysis!
Grinder hits you but does no damage. Grinder hits you!
* * * LOW HITPOINT WARNING * * *
You writhe in agony.
* * * LOW HITPOINT WARNING * * *
Grinder hits you!
You die...

######### #.......# #.#####.#
### #.# #†# #.#####.#####.#
.#.........##.###############
#.#####.##.##.#.@5..........#
#.# #.#...#.#.######.(###.#
#.# #.. #.....# ....... #.#
###...##### #.##..##..# #.#
##.# # #... .# #.# #(# #.#.#
# #.# # # #.#.# #.# ##+##
#(... #.# ##...##


You could see Grinder.

Vanquished Creatures
  2 orc wizards (D:3)
  3 adders
  2 oozes
  2 worms (D:2)
  2 leopard geckos
  13 orcs (D:3)
  7 bats
  6 giant cockroaches
  4 goblins
  10 hobgoblins
  9 jackals
  3 quokkas (D:2)
  3 frilled lizards
  4 kobolds
  7 rats
77 creatures vanquished.

Notes
Turn   | Place    | Note
-------+----------+-------------------------------------------
     0 | D:1      | Patate the Spriggan Assassin began the quest for the Orb.
     0 | D:1      | Reached XP level 1. HP: 10/10 MP: 2/2
    85 | D:1      | Reached skill level 6 in Stealth
   178 | D:1      | Reached XP level 2. HP: 10/14 MP: 3/3
  1035 | D:2      | Reached XP level 3. HP: 18/18 MP: 4/4
  1351 | D:2      | Found a basalt altar of Yredelemnul.
  1384 | D:2      | Reached skill level 7 in Stealth
  2006 | D:2      | Reached XP level 4. HP: 18/22 MP: 5/5
  2777 | D:3      | Found a glowing drain.
  2885 | D:3      | Reached skill level 8 in Stealth
  2999 | D:3      | Reached XP level 5. HP: 25/25 MP: 6/6
  3110 | D:3      | Found an iron altar of Okawaru.
  3164 | D:3      | Reached skill level 9 in Stealth
  3287 | D:3      | Noticed Grinder
  3290 | D:3      | Paralysed by Grinder for 5 turns
  3311 | D:3      | Paralysed by Grinder for 6 turns
  3316 | D:3      | Slain by Grinder

Skill      XL: |  1  2  3  4  5 |
---------------+----------------+-----
Stealth        | 6 7 8 9 |  9.2
Dodging        | 2 |  2.8
Short Blades   | 3 |  3.2
Fighting       | |  1.5
Throwing       | |  2.0

Action                   |  1- 3 |  4- 6 || total
-------------------------+-------+-------++-------
Melee: Dagger            |   165 |    89 ||   254
 Fire: Blowgun           |    32 |    38 ||    70
  Use: Scroll            |     2 |     3 ||     5
 Stab: Sleeping          |     5 |     4 ||     9
       Distracted        |     1 |       ||     1
Armor: Robe              |    28 |     9 ||    37
Dodge: Dodged            |   111 |    68 ||   179
